 Dungeon Crawl Stone Soup version 0.27-a0-1196-g3e9cee4cb2 (webtiles) character file.

Game seed: 2551492751240317006

371 polve the Skirmisher (level 6, -7/49 HPs)
             Began as a Demonspawn Abyssal Knight on May 28, 2021.
             Was a Believer of Lugonu.
             Mangled by a wraith (9 damage)
             ... in an ossuary.
             The game lasted 00:03:05 (4009 turns).

polve the Skirmisher (Demonspawn Abyssal Knight)    Turns: 4009, Time: 00:03:06

Health: -7/49      AC:  8    Str: 15    XL:     6   Next: 42%
Magic:  7/7        EV: 11    Int: 13    God:    Lugonu [**....]
Gold:   143        SH:  0    Dex: 18    Spells: 5/5 levels left

rFire    . . .     SeeInvis .   a - +1 short sword
rCold    . . .     Faith    .   (no shield)
rNeg     . . .     Spirit   .   r - +0 ring mail
rPois    .         Reflect  .   (no helmet)
rElec    .         Harm     .   (no cloak)
rCorr    .         Rampage  .   m - +0 pair of gloves
Will     .....                  (no boots)
Stlth    +.........             (no amulet)
HPRegen  0.16/turn              h - ring of flight
MPRegen  0.10/turn              l - +6 ring of dexterity

@: brilliant, flying, slowed, very slow
A: sharp scales 2
a: Renounce Religion, Depart the Abyss, Bend Space


You were in an ossuary.
You worshipped Lugonu.
Lugonu was pleased with you.
You visited 1 branch of the dungeon, and saw 4 of its levels.
You visited the Abyss 1 time.
You also visited: Ossuary.

You collected 143 gold pieces.

Inventory:

Hand Weapons
 a - a +1 short sword (weapon)
Armour
 m - a +0 pair of gloves (worn)
 r - a +0 ring mail (worn)
Jewellery
 h - a ring of flight (left hand)
 l - a +6 ring of dexterity (right hand)
Scrolls
 c - a scroll of enchant armour {unknown}
 d - a scroll of noise {unknown}
 e - a scroll of teleportation {unknown}
 f - 3 scrolls of identify {unknown}
 g - a scroll of blinking {unknown}
 j - a scroll of acquirement {unknown}
 k - a scroll of magic mapping {unknown}
 p - 2 scrolls of amnesia {unknown}
 q - a scroll of enchant weapon {unknown}
Potions
 b - a potion of brilliance
 i - a potion of attraction {unknown}
 n - a potion of degeneration {unknown}
 o - a potion of lignification {unknown}


   Skills:
 + Level 4.6 Fighting
 - Level 4.0 Short Blades
 - Level 3.0 Armour
 - Level 2.5 Dodging
 - Level 2.4 Invocations


You had 5 spell levels left.
You didn't know any spells.
Your spell library was empty.

Dungeon Overview and Level Annotations

Branches:
Dungeon (4/15)            Ossuary (1/1)
 Temple: D:4-7

Altars:
Sif Muna


Innate Abilities, Weirdness & Mutations

You are mostly covered in razor-sharp scales. (AC +2, Slay +2)


Message History

You are too injured to fight recklessly!
You are too injured to fight recklessly!
You are too injured to fight recklessly!
You are too injured to fight recklessly!
You are too injured to fight recklessly!
You are too injured to fight recklessly!
You are too injured to fight recklessly!
You are too injured to fight recklessly!
You hit the wraith but do no damage.
The wraith is moderately damaged.
The wraith closely misses you.
You barely miss the wraith.
The wraith is moderately damaged.
The wraith closely misses you.
You hit the wraith.
The wraith is moderately damaged.
The wraith hits you but does no damage. x2
You hit the wraith but do no damage.
The wraith is moderately damaged.
The wraith hits you! The wraith drains your vigour!
You feel as though you will be slow longer.
You completely miss the wraith.
The wraith is moderately damaged.
The wraith hits you. The wraith drains your vigour!
You feel as though you will be slow longer.
The wraith hits you!
* * * LOW HITPOINT WARNING * * *
You hit the wraith but do no damage.
The wraith is moderately damaged.
The wraith hits you but does no damage.
You hit the wraith.
The wraith is moderately damaged.
The wraith hits you!
* * * LOW HITPOINT WARNING * * *
The wraith drains your vigour!
You feel as though you will be slow longer.
It was a potion of brilliance.
You feel clever all of a sudden. The wraith hits you but does no damage.
The wraith hits you!
You die...

##.. ..##
...#####...
.##...##. .
##..!..## . ..
#..!?.?.# .. ..
...##..!!.##... ...
#...##.W.##...##...
#...##@##...##....
#.........##.....
..#####'#####......
..................∩
...................
######'''##########
#...#### +...'..#
#...#..#


You could see a wraith.

Vanquished Creatures
  A necrophage (D:2)
  A bullfrog (D:4)
  A bullfrog skeleton (D:4)
  Natasha (thrice) (D:2)
  2 mummies
  3 adders
  2 worms (D:2)
  2 dart slugs
  6 bats
  5 endoplasms
  A giant cockroach (D:2)
  5 goblins
  5 hobgoblins
  A quokka (D:3)
  3 frilled lizards
  2 gnoll skeletons (Ossuary)
  12 kobolds
  4 kobold skeletons (Ossuary)
  7 orc skeletons (Ossuary)
  5 rats
71 creatures vanquished.

Vanquished Creatures (others)
  12 plants (D:1)
12 creatures vanquished.

Grand Total: 83 creatures vanquished

Notes
Turn   | Place    | Note
-------+----------+-------------------------------------------
     0 | Abyss:1  | polve the Demonspawn Abyssal Knight began the quest for the
                  | Orb.
     0 | Abyss:1  | Reached XP level 1. HP: 18/18 MP: 2/2
    39 | Abyss:1  | Noticed a ynoxinul
    53 | Abyss:1  | Noticed a vampire
    56 | D:1      | Escaped the Abyss
   618 | D:1      | Gained mutation: You are partially covered in razor-sharp
                  | scales. (AC +1, Slay +1) [demonic ancestry]
   618 | D:1      | Reached XP level 2. HP: 22/24 MP: 3/3
   746 | D:1      | Reached * piety under Lugonu
  1253 | D:2      | Reached XP level 3. HP: 29/29 MP: 4/4
  1293 | D:2      | Noticed a necrophage
  1312 | D:2      | Killed a necrophage
  1313 | D:2      | Reached skill level 1 in Dodging
  1313 | D:2      | Reached XP level 4. HP: 9/35 MP: 5/5
  1709 | D:2      | Noticed Natasha
  1715 | D:2      | Killed Natasha
  1716 | D:2      | Reached XP level 5. HP: 41/41 MP: 6/6
  1724 | D:2      | Noticed Natasha
  1730 | D:2      | Killed Natasha
  1935 | D:2      | Noticed Natasha
  1950 | D:2      | Killed Natasha
  2152 | D:2      | Found a shimmering blue altar of Sif Muna.
  3040 | D:3      | Found a faded altar of an unknown god.
  3049 | D:3      | Reached ** piety under Lugonu
  3425 | D:4      | Gained mutation: You are mostly covered in razor-sharp
                  | scales. (AC +2, Slay +2) [demonic ancestry]
  3425 | D:4      | Reached XP level 6. HP: 36/48 MP: 7/7
  3679 | D:4      | Found a sand-covered staircase.
  3698 | Ossuary  | Entered an ossuary
  3698 | Ossuary  | Noticed a wraith
  3698 | Ossuary  | Noticed a wraith
  3698 | Ossuary  | Noticed a wraith
  3990 | Ossuary  | Noticed a wraith
  4008 | Ossuary  | HP: 1/49 [wraith (10)]
  4009 | Ossuary  | Mangled by a wraith

Illustrated notes

Levels and vault maps discovered:
D:1:      heliophobic_arrival_henge, layout_loops_ring, minivault_14,
          lexackson_kobold_supper
D:2:      layout_rooms, basic_altar, uniq_natasha
D:3:      layout_basic, hellmonk_ecumenical_altar_prayer_group,
          minmay_box_of_dots
D:4:      layout_loops_corners, marbit_many_paths, gup_ossuary_entry_pyramid,
          hangedman_abyss_or_decor_stabs, uniq_blork_the_orc
Ossuary:  ossuary_due_mausoleum

Skill      XL: |  1  2  3  4  5  6 |
---------------+-------------------+-----
Short Blades   | 2 3 4 |  4.0
Armour         | 2 3 |  3.0
Dodging        | 1 2 |  2.5
Fighting       | 4 |  4.6
Invocations    | |  2.4

Action                   |  1- 3 |  4- 6 || total
-------------------------+-------+-------++-------
Melee: Short sword       |    91 |   179 ||   270
Invok: Depart the Abyss  |     1 |       ||     1
  Use: Potion            |       |     3 ||     3
 Stab: Sleeping          |       |     3 ||     3
Armor: Leather armour    |    23 |    14 ||    37
       Ring mail         |       |    33 ||    33
Dodge: Dodged            |    52 |    91 ||   143

Table legend: (Time is in decaauts)
 A = Elapsed time spent in this place.
 B = Non-inter-level travel time spent in this place.
 C = Inter-level travel time spent in this place.
 D = Time resting spent in this place.
 E = Time spent auto-exploring this place.
 F = Levels seen in this place.
 G = Mean time per level.
                   A        B        C        D        E       F      G
               +--------+--------+--------+--------+--------+-----+--------+
         Total |   4003 |   3880 |    123 |      0 |   3294 |   6 |  667.2 |
       Dungeon |   3638 |   3515 |    123 |      0 |   3047 |   4 |  909.5 |
         Abyss |     56 |     56 |      0 |      0 |     39 |   1 |   56.0 |
       Ossuary |    309 |    309 |      0 |      0 |    208 |   1 |  309.0 |
               +--------+--------+--------+--------+--------+-----+--------+

Top non-repeatable levels by time:
     D:1: 1152 daAuts
     D:3: 1070 daAuts
     D:2: 1008 daAuts
     D:4: 407 daAuts
 Ossuary: 309 daAuts
 Abyss:1: 56 daAuts
